 Dungeon Crawl Stone Soup version 0.28.0-55-gcd9437bce4 (webtiles) character file.

Game seed: 382319177092316743

379 AarnesTheHuman the Changer (level 6, -2/30 HPs)
             Began as a Spriggan Transmuter on Dec 23, 2022.
             Killed by divine providence
             ... invoked by an orc priest
              (7 damage)
             ... on level 4 of the Dungeon.
             The game lasted 00:08:47 (4549 turns).

AarnesTheHuman the Changer (Spriggan Transmuter)    Turns: 4549, Time: 00:08:47

Health: -2/30      AC:  3    Str:  6    XL:     6   Next: 45%
Magic:  12/13      EV: 17    Int: 17    God:
Gold:   131        SH:  5    Dex: 15    Spells: 7/13 levels left

rFire   . . .      SeeInvis +     - Unarmed
rCold   . . .      Faith    .   (no shield)
rNeg    + . .      Spirit   .   n - +1 robe {rN+}
rPois   .          Reflect  +   (helmet currently unavailable)
rElec   .          Harm     .   (no cloak)
rCorr   .          Rampage  .   (gloves unavailable)
Will    +....                   (boots unavailable)
Stlth   +.........              j - amulet of reflection
HPRegen 0.10/turn               (no ring)
MPRegen 0.13/turn               (no ring)

@: appendages, wereblooded, very quick
A: horns 2, talons 2, very small, no large weapons, unfitting armour, see
invisible, speed 3
a: End Transformation


You were on level 4 of the Dungeon.
You had temporarily grown beastly horns and talons.
You visited 1 branch of the dungeon, and saw 4 of its levels.

You collected 131 gold pieces.

Inventory:

Hand Weapons
 b - a +0 rapier
Armour
 a - a +0 robe
 n - a +1 robe of positive energy (worn)
Jewellery
 j - an amulet of reflection (around neck)
Scrolls
 d - a scroll of fog {unknown}
 f - 2 scrolls of blinking {unknown}
 h - a scroll of teleportation {unknown}
 i - a scroll of noise {unknown}
 m - a scroll of magic mapping {unknown}
Potions
 c - a potion of might {unknown}
 e - a potion of degeneration {unknown}
 k - a potion of resistance {unknown}
 l - 2 potions of mutation {unknown}


   Skills:
 - Level 2.1 Fighting
 - Level 2.5 Short Blades
 - Level 2.6 Dodging
 - Level 2.4 Unarmed Combat
 - Level 4.0 Spellcasting
 + Level 5.6 Transmutations
 - Level 3.0 Poison Magic


You had 7 spell levels left.
You knew the following spells:

 Your Spells              Type           Power      Damage    Failure   Level
a - Beastly Appendage     Tmut           44%        N/A       1%          1
b - Wereblood             Tmut           22%        N/A       2%          2
c - Spider Form           Tmut/Pois      18%        N/A       9%          3

Your spell library contained the following spells:

 Spells                   Type           Power      Damage    Failure   Level
 Ice Form                 Ice/Tmut       12%        N/A       45%         4
 Summon Forest            Summ/Tloc      1%         N/A       99%         5
 Summon Mana Viper        Hex/Summ       3%         N/A       99%         5
 Summon Cactus Giant      Summ           1%         N/A       100%        6


Dungeon Overview and Level Annotations

Branches:
Dungeon (4/15)
 Temple: D:4-7

Altars:

Shops:
D:1 [

Annotations:
D:3 1 runed translucent door, Crazy Yiuf


Innate Abilities, Weirdness & Mutations

You have temporarily grown beastly horns and talons.
You are very small and have problems with some larger weapons.
You are too small for most types of armour.
You have supernaturally acute eyesight. (SInv)
You cover ground extremely quickly. (Speed+++)


Message History

The orc wizard hits you with a +0 dagger.
* * * LOW HITPOINT WARNING * * *
You miss the orc wizard.
The orc wizard is moderately wounded.
The orc wizard casts a spell at you. You resist with almost no effort.
You feel much better.
The orc priest casts a cantrip, but nothing happens.
The orc wizard barely misses you.
You hit the orc wizard but do no damage.
Your kick misses the orc wizard.
The orc wizard is moderately wounded.
Your transformation is almost over.
The orc wizard misses you.
Casting: Wereblood (safe; 2% risk of failure)
Confirm with . or Enter, or press ? or * to list all spells.
You extend your transformation's duration.
The orc wizard completely misses you.
You hit the orc wizard. Your kick misses the orc wizard.
The orc wizard is heavily wounded.
The orc priest mumbles some strange prayers to Beogh against you.
Beogh smites you!
The orc wizard hits you with a +0 dagger.
You hit the orc wizard but do no damage.
You claw the orc wizard, but do no damage.
The orc wizard is heavily wounded.
The orc wizard hits you with a +0 dagger.
You closely miss the orc wizard. Your kick misses the orc wizard.
The orc wizard is heavily wounded.
The orc priest calls down the wrath of Beogh upon you.
Beogh smites you!
* * * LOW HITPOINT WARNING * * *
You block the orc wizard's attack.
You hit the orc wizard but do no damage.
You claw the orc wizard, but do no damage.
The orc wizard is heavily wounded.
The orc wizard misses you.
The orc priest calls down the wrath of Beogh upon you.
Beogh smites you!
You die...

### #). #.# ##
#.# .. #.#
###### #.# ....
#.#
#.###########
..#
#...@)oooo...
###
#.############
#...# #..#
###.#######..##.
#..........##.#
##
##########.##.#
#. #.##.# #.
#.##.# #.
#.##.## #.


You could see an orc priest, an orc wizard and 2 orcs.

Vanquished Creatures
  An ogre (D:3)
  3 wights (D:3)
  An orc priest (D:3)
  An orc wizard (D:4)
  A gnoll (D:1)
  4 adders (D:3)
  3 worms (D:3)
  3 dart slugs
  7 orcs
  6 ball pythons
  4 bats
  3 endoplasms
  A giant cockroach (D:3)
  3 goblins
  4 hobgoblins
  5 quokkas
  4 frilled lizards
  5 kobolds
  3 rats
62 creatures vanquished.

Vanquished Creatures (others)
  An orc (D:4)
1 creature vanquished.

Grand Total: 63 creatures vanquished

Notes
Turn   | Place    | Note
-------+----------+-------------------------------------------
     0 | D:1      | AarnesTheHuman the Spriggan Transmuter began the quest for
                  | the Orb.
     0 | D:1      | Reached XP level 1. HP: 9/9 MP: 5/5
    79 | D:1      | Found Rotonus's Antique Armour Shoppe.
   106 | D:1      | Reached skill level 3 in Transmutations
   304 | D:1      | Reached XP level 2. HP: 12/14 MP: 7/7
  1192 | D:2      | Reached XP level 3. HP: 17/17 MP: 7/9
  1908 | D:2      | Learned a level 2 spell: Wereblood
  1930 | D:3      | Reached skill level 1 in Short Blades
  1930 | D:3      | Reached skill level 4 in Transmutations
  2054 | D:3      | Reached XP level 4. HP: 15/21 MP: 11/11
  2219 | D:3      | Noticed an ogre
  2249 | D:2      | Learned a level 3 spell: Spider Form
  2986 | D:3      | Killed an ogre
  2987 | D:3      | Reached XP level 5. HP: 24/25 MP: 12/12
  3012 | D:3      | Reached skill level 1 in Fighting
  3346 | D:3      | Found a faded altar of an unknown god.
  3365 | D:3      | Reached XP level 6. HP: 22/30 MP: 13/13
  3806 | D:3      | Reached skill level 5 in Transmutations
  4001 | D:3      | Found a runed translucent door.
  4002 | D:3      | Noticed Crazy Yiuf
  4549 | D:4      | Killed from afar by an orc priest

Illustrated notes

Levels and vault maps discovered:
D:1:      dpeg_arrival_windows_large_door, layout_rooms, serial_shops,
          shop_statue
D:2:      layout_basic
D:3:      layout_basic, hellmonk_ecumenical_altar_zigzags,
          uniq_crazy_yiuf_cottage
D:4:      layout_loops_ring, serial_shops, nicolae_inconvenience_store,
          uniq_pikel

Skill      XL: |  1  2  3  4  5  6 |
---------------+-------------------+-----
Spellcasting   | 3 4 |  4.0
Transmutations | 3 4 5 |  5.6
Short Blades   | 2 |  2.5
Poison Magic   | 2 3 |  3.0
Fighting       | 2 |  2.1
Dodging        | |  2.6
Unarmed Combat | |  2.4

Action                   |  1- 3 |  4- 6 || total
-------------------------+-------+-------++-------
Melee: Unarmed           |    10 |   123 ||   133
       Rapier            |    82 |    10 ||    92
       Kick              |    14 |    42 ||    56
       Headbutt          |     7 |    21 ||    28
       Punch             |     2 |     5 ||     7
 Cast: Beastly Appendage |    20 |    22 ||    42
       Wereblood         |     2 |     4 ||     6
       Spider Form       |       |     1 ||     1
  Use: Potion            |       |     2 ||     2
 Stab: Distracted        |     1 |       ||     1
Armor: Robe              |     7 |     8 ||    15
Dodge: Dodged            |    69 |    92 ||   161
Block: Other             |    10 |    28 ||    38
       Reflection        |       |     2 ||     2
